 Dungeon Crawl Stone Soup version 0.30-a0-331-g8ab09dc110 (webtiles) character file.

Game seed: 12428536949827350036

58 Muataran the Trooper (level 3, 0/34 HPs)
             Began as a Minotaur Berserker on Oct 29, 2022.
             Was a Follower of Trog.
             Slain by a hobgoblin (4 damage)
             ... on level 2 of the Dungeon.
             The game lasted 00:02:14 (1289 turns).

Muataran the Trooper (Minotaur Berserker)           Turns: 1289, Time: 00:02:15

Health: 0/34       AC:  3    Str: 23    XL:     3   Next: 75%
Magic:  2/2        EV: 12    Int:  4    God:    Trog [*.....]
Gold:   57         SH:  0    Dex:  9    Spells: 2/2 levels left

rFire   . . .      SeeInvis .    a - +0 falchion
rCold   . . .      Faith    .    (no shield)
rNeg    . . .      Spirit   .    b - +0 animal skin
rPois   .          Reflect  .    (helmet restricted)
rElec   .          Harm     .    (no cloak)
rCorr   .          Rampage  .    (no gloves)
Will    .....                    f - +0 pair of boots
Stlth   +.........               (no amulet)
HPRegen 0.25/turn                (no ring)
MPRegen 0.08/turn                (no ring)

@: on berserk cooldown, slowed, very slow
A: horns 2, retaliatory headbutt
a: Renounce Religion, Berserk


You were on level 2 of the Dungeon.
You worshipped Trog.
Trog was aware of your devotion.
You visited 1 branch of the dungeon, and saw 2 of its levels.

You collected 57 gold pieces.

Inventory:

Hand Weapons
 a - a +0 falchion (weapon)
Armour
 b - a +0 animal skin (worn)
 f - a +0 pair of boots (worn)
Jewellery
 e - a ring of positive energy
Scrolls
 d - a scroll of teleportation
 h - a scroll of summoning {unknown}
Potions
 c - 2 potions of cancellation
 g - a potion of heal wounds {unknown}


   Skills:
 * Level 4.6 Fighting
 + Level 4.1 Long Blades
 + Level 3.1 Armour
 + Level 2.8 Dodging


You had 2 spell levels left.
You didn't know any spells.
Your spell library was empty.

Dungeon Overview and Level Annotations

Branches:
Dungeon (2/15)

Altars:


Innate Abilities, Weirdness & Mutations

You have a pair of horns on your head.
You reflexively headbutt those who attack you in melee.


Message History

A ball python comes into view.
The ball python hisses angrily.
The ball python barely misses you. x2
You hit the worm.
You headbutt the worm, but do no damage.
The worm is lightly wounded.
The ball python closely misses you. The ball python grabs you.
The ball python constricts you. The worm bites you! The ball python bites you.
The ball python constricts you.
You hit the ball python.
The ball python is severely wounded.
The ball python bites you. The ball python constricts you. The worm bites you!
You are too injured to fight recklessly!
You are too injured to fight recklessly!
The ball python's grasp on you weakens, but your attempt to escape fails.
The ball python bites you. The ball python constricts you.
Unknown command.
A red film seems to cover your vision as you go berserk!
You feel yourself moving faster!
You feel mighty! The ball python closely misses you.
The ball python constricts you. The worm bites you!
* * * LOW HITPOINT WARNING * * *
The ball python bites you but does no damage.
The ball python constricts you.
You completely miss the ball python.
The ball python is severely wounded.
The worm bites you!
* * * LOW HITPOINT WARNING * * *
You slash the ball python!
You kill the ball python!
Trog accepts your kill.
You feel a strong urge to attack something.
You feel your anger nearly subside.
You are no longer berserk.
You are exhausted.
You feel yourself slow down.
A hobgoblin comes into view.
The hobgoblin shouts!
You see here a +0 ring mail.
The hobgoblin hits you.
You die...

#####################
#..>................#######
#.##.############..(.......
#.##.#....# #.#.######
#.##.#.##.#### #.#.# ####
#.##.#..#.#.... #.#.## #..
#.##.##.#.##...##.[..###.#
#.##....#.##......###.##.#
#.#######.##...#@g#
#..w.####.## #..#......###.
#<.# #.##........
##.#.######
...........###.##
#†#.#....# #..##.#.##..#
#.#.#.##.# #..##.#.##..#
#.#.#..#.# ..... #.##..#
#.#.##.#.# ..###. #.....#
#.#....#.# .. # #####.#
#.######.# .#


You could see a hobgoblin.

Vanquished Creatures
  3 adders (D:2)
  A worm (D:2)
  4 bats (D:1)
  2 endoplasms (D:1)
  A giant cockroach (D:2)
  2 goblins (D:1)
  A hobgoblin (D:2)
  A quokka (D:1)
  5 ball pythons
  2 frilled lizards
  5 kobolds
  3 rats
30 creatures vanquished.

Notes
Turn   | Place    | Note
-------+----------+-------------------------------------------
     0 | D:1      | Muataran the Minotaur Berserker began the quest for the
                  | Orb.
     0 | D:1      | Reached XP level 1. HP: 19/19 MP: 0/0
   115 | D:1      | Reached XP level 2. HP: 18/27 MP: 1/1
   728 | D:2      | Reached XP level 3. HP: 14/32 MP: 2/2
  1289 | D:2      | Slain by a hobgoblin

Illustrated notes

Levels and vault maps discovered:
D:1:      grunt_arrival_lava_bath, layout_basic
D:2:      layout_loops_ring, patterned_corridor

Skill      XL: |  1  2  3 |
---------------+----------+-----
Fighting       | 4 |  4.6
Long Blades    | 4 |  4.1
Armour         | 3 |  3.1
Dodging        | |  2.8

Action                   || total
-------------------------++-------
Melee: Falchion          ||    93
       Headbutt          ||     9
Invok: Berserk           ||     1
  Use: Scroll            ||     2
Armor: Animal skin       ||    21
Dodge: Dodged            ||    64

Table legend: (Time is in decaauts)
 A = Elapsed time spent in this place.
 B = Non-inter-level travel time spent in this place.
 C = Inter-level travel time spent in this place.
 D = Time resting spent in this place.
 E = Time spent auto-exploring this place.
 F = Levels seen in this place.
 G = Mean time per level.
                   A        B        C        D        E       F      G
               +--------+--------+--------+--------+--------+-----+--------+
         Total |   1299 |   1251 |     48 |    278 |    750 |   2 |  649.5 |
       Dungeon |   1299 |   1251 |     48 |    278 |    750 |   2 |  649.5 |
               +--------+--------+--------+--------+--------+-----+--------+

Top non-repeatable levels by time:
     D:1: 695 daAuts
     D:2: 603 daAuts
